 Dungeon Crawl Stone Soup version 0.23-a0-844-gdc03e01 (webtiles) character file.

72 Amnesiac the Insei (level 4, -2/35 HPs)
             Began as a Mummy Monk on Jan 26, 2019.
             Slain by an orc
             ... wielding a +0 trident
              (6 damage)
             ... on level 3 of the Dungeon.
             The game lasted 00:01:44 (1796 turns).

Amnesiac the Insei (Mummy Monk)                     Turns: 1796, Time: 00:01:45

Health: -2/35      AC:  3    Str: 14    XL:     4   Next: 6%
Magic:  4/4        EV: 13    Int:  9    God:
Gold:   79         SH:  0    Dex: 15    Spells: 3/3 levels left

rFire    . . .     SeeInvis .     - Unarmed
rCold    . . .     Gourm    .   (no shield)
rNeg     + + +     Faith    .   (no armour)
rPois    ∞         Spirit   .   (no helmet)
rElec    .         Reflect  .   (no cloak)
rCorr    .         Harm     .   b - +2 pair of gloves
MR       .....                  (no boots)
Stlth    ++........             (no amulet)
HPRegen  0.11/turn              a - ring of fire
MPRegen  0.09/turn              (no ring)

@: no status effects
A: no food or potions, fire vulnerability, cold resistance 1, negative energy
resistance 3, torment resistance, unbreathing
a: no special abilities


You were on level 3 of the Dungeon.
You were not hungry.

You visited 1 branch of the dungeon, and saw 3 of its levels.

You collected 79 gold pieces.

Inventory:

Armour
 b - a +2 pair of gloves (worn)
Jewellery
 a - a ring of fire (left hand)
Scrolls
 c - 4 scrolls of identify {!r, unknown}
 d - a scroll of enchant armour {!r, unknown}
 e - a scroll of immolation {!r, unknown}
 f - a scroll of random uselessness {!r, unknown}
 g - a scroll of remove curse {!r, unknown}
 h - 3 scrolls of teleportation {!r, unknown}


   Skills:
 - Level 3.0 Fighting
 + Level 3.0 Dodging
 - Level 1.5 Stealth
 * Level 3.6 Unarmed Combat


You had 3 spell levels left.
You didn't know any spells.
Your spell library was empty.

Dungeon Overview and Level Annotations

Branches:
Dungeon (3/15)

Altars:
Ru


Innate Abilities, Weirdness & Mutations

You do not eat or drink.
Your flesh is vulnerable to fire.
You are immune to poison.
Your flesh is cold resistant. (rC+)
You are immune to negative energy. (rN+++)
You are immune to unholy pain and torment.
You can survive without breathing.


Message History

No target in view!
No target in view!
No target in view!
No target in view!
No target in view!
No target in view!
You see here a quokka corpse.
Found an escape hatch in the ceiling.
An orc comes into view.
The orc shouts!
An orc comes into view. It is wielding a +0 trident.
Found 7 gold pieces.
An orc priest comes into view. It is wielding a +0 falchion.
The ball python hisses angrily.
The ball python bites you but does no damage.
The ball python grabs you. The ball python constricts you.
The orc shouts!
You punch the ball python!
You kill the ball python!
You barely miss the orc. The orc barely misses you. The orc closely misses you.
You closely miss the orc. The orc closely misses you. x2
You hit the orc.
You kill the orc!
The orc barely misses you. The orc priest barely misses you.
The orc closely misses you.
You hit the orc priest.
The orc priest is lightly wounded.
The orc priest closely misses you.
You hit the orc priest.
The orc priest is heavily wounded.
The orc misses you.
The orc priest hits you with a +0 falchion.
You hit the orc priest but do no damage.
The orc priest is moderately wounded.
The orc hits you from afar with a +0 trident.
The orc priest hits you with a +0 falchion.
You barely miss the orc priest.
The orc priest is moderately wounded.
The orc hits you from afar with a +0 trident!
* * * LOW HITPOINT WARNING * * *
You hit the orc priest.
The orc priest is heavily wounded.
The orc priest hits you with a +0 falchion.
* * * LOW HITPOINT WARNING * * *
The orc misses you.
You closely miss the orc priest.
The orc priest is heavily wounded.
The orc priest misses you.
The orc hits you from afar with a +0 trident.
* * * LOW HITPOINT WARNING * * *
You hit the orc priest.
The orc priest is heavily wounded.
The orc priest closely misses you.
The orc hits you from afar with a +0 trident.
* * * LOW HITPOINT WARNING * * *
You hit the orc priest.
The orc priest is severely wounded.
The orc priest closely misses you. The orc barely misses you.
You hit the orc priest.
The orc priest is almost dead.
The orc priest hits you with a +0 falchion.
* * * LOW HITPOINT WARNING * * *
The orc hits you from afar with a +0 trident.
You die...

..( .... #.# #.# #....
#.# .#..
#....##.######.#.###
...........†........
.....#..####†###.#####.#
........................
.....oo.........<......#
#.....@......#..#.###..
#......#............
..........#...#..#.###
##.....†..#......#.#
....................
........<.....##.#.##
.#..$#......#.##.#.
................
.###.###....#. #


You could see an orc priest and an orc.

Vanquished Creatures
  3 adders (D:2)
  A worm (D:2)
  A dart slug (D:2)
  A leopard gecko (D:1)
  An orc (D:3)
  4 giant cockroaches
  2 goblins (D:1)
  4 hobgoblins
  5 kobolds
  A quokka (D:3)
  A ball python (D:3)
  5 bats
  8 frilled lizards
  6 rats
43 creatures vanquished.

Notes
Turn   | Place    | Note
-------+----------+-------------------------------------------
     0 | D:1      | Amnesiac the Mummy Monk began the quest for the Orb.
     0 | D:1      | Reached XP level 1. HP: 18/18 MP: 1/1
   335 | D:1      | Reached XP level 2. HP: 21/24 MP: 2/2
   701 | D:2      | Reached XP level 3. HP: 25/29 MP: 3/3
  1193 | D:2      | Found a sacrificial altar of Ru.
  1772 | D:3      | Reached XP level 4. HP: 35/35 MP: 4/4
  1796 | D:3      | Slain by an orc

Vault maps used:
D:1:      erik_arrival_blinker_ship
D:2:      old_standard_altar, serial_forest, infiniplex_forest_lined_corner,
          infiniplex_forest_clump_curved, infiniplex_forest_straight_3,
          infiniplex_forest_lined_room_, infiniplex_forest_clump_double,
          infiniplex_forest_lined_2, infiniplex_forest_lined_2,
          infiniplex_forest_straight_3
D:3:      nicolae_overflow_hidden_temple, uniq_terence

Skill      XL: |  1  2  3 |
---------------+----------+-----
Unarmed Combat | 3 |  3.6
Dodging        | 3 |  3.0
Fighting       | |  3.0
Stealth        | |  1.5

Action                   |  1- 3 |  4- 6 || total
-------------------------+-------+-------++-------
Melee: Unarmed           |   143 |    15 ||   158
       Punch             |     2 |       ||     2
 Stab: Sleeping          |     6 |       ||     6
Armor: Skin              |    29 |     2 ||    31
Dodge: Dodged            |   113 |    16 ||   129

Table legend:
 A = Non-vault XP
 B = Vault XP
 C = Vault XP percentage of total XP
 D = Non-vault monster count
 E = Vault monster count
 F = Vault count percentage of total count
                 A         B        C        D         E       F
            +---------+---------+-------+---------+---------+-------
      Total |     103 |       0 |   0.0 |      43 |       0 |   0.0
            +---------+---------+-------+---------+---------+-------
        D:1 |      28 |       0 |   0.0 |      18 |       0 |   0.0
        D:2 |      68 |       0 |   0.0 |      21 |       0 |   0.0
        D:3 |       7 |       0 |   0.0 |       4 |       0 |   0.0
            +---------+---------+-------+---------+---------+-------
